 Dungeon Crawl Stone Soup version 0.32-a0-791-gfc315c9ecd (webtiles) character file.

Game seed: 13221399107518218944

1741913 Berder the Pyromancer (level 27, 156/156 HPs)
             Began as an Octopode Fire Elementalist on Mar 19, 2024.
             Was the Champion of Vehumet.
             Escaped with the Orb
             ... and 3 runes on Mar 20, 2024!
             The game lasted 02:19:21 (63690 turns).

Berder the Pyromancer (Octopode Fire Elementalist) Turns: 63690, Time: 02:19:21

Health: 156/156    AC:  1    Str: 13    XL:     27
Magic:  65/65      EV: 36    Int: 50    God:    Vehumet [******]
Gold:   4495       SH:  0    Dex: 23    Spells: 11/66 levels left

rFire   + + +        f - staff of fire
rCold   . . .        k - orb {*channel}
rNeg    + . .        i - +0 hat "Sopamiul" {rF+ Int+5 SInv}
rPois   +            B - amulet of regeneration
rElec   +            T - +6 ring of intelligence
rCorr   +            N - ring "Nutuby" {rElec rPois rC++ Int+3 SInv}
SInv    +            S - ring "Noiduuz" {MP+9 Int+3 Dex+6}
Will    ++++.        c - ring "Eqan" {rN+ Will+ rCorr MP+9 Str+2}
Stlth   ++           O - ring of fire
HPRegen 1.26/turn    a - ring of fire
MPRegen 0.39/turn    Y - +5 ring of evasion
                     Q - +6 ring of intelligence

%: channel magic (20%)
@: no status effects
A: almost no armour, amphibious, 8 rings, camouflage 1, gelatinous body 1,
(nimble swimmer 1), tentacles, agile 1, frail 1, strong-willed 1, strong 1
0: Orb of Zot
}: 3/15 runes: serpentine, barnacled, silver
a: Renounce Religion


You escaped.
You worshipped Vehumet.
Vehumet was exalted by your worship.
You visited 10 branches of the dungeon, and saw 48 of its levels.
You visited 2 bazaars.
You also visited: Volcano.

You collected 6764 gold pieces.
You spent 2269 gold pieces at shops.

Inventory:

Hand Weapons
 R - a +3 demon trident of electrocution
Armour
 i - the +0 hat "Sopamiul" (worn) {rF+ Int+5 SInv}
   (You acquired it on level 3 of the Vaults)

   Int+5:     It affects your intelligence (+5).
   rF+:       It protects you from fire.
   SInv:      It lets you see invisible.
 k - an orb of energy (worn)
Magical Staves
 f - a staff of fire (weapon)
 Z - a staff of air
Jewellery
 a - a ring of fire (on tentacle)
 c - the ring "Eqan" (on tentacle) {rN+ Will+ rCorr MP+9 Str+2}
   (You bought it in a shop on level 12 of the Dungeon)

   [ring of magical power]

   Str+2:     It affects your strength (+2).
   rN+:       It protects you from negative energy.
   Will+:     It increases your willpower.
   MP+9:      It affects your magic capacity (+9).
   rCorr:     It protects you from acid and corrosion.
 g - the ring "Pilutt" {rCorr SInv}
   (You found it on level 3 of the Dungeon)

   [ring of resist corrosion]

   SInv:      It lets you see invisible.
   rCorr:     It protects you from acid and corrosion.
 m - the amulet "Daopsoe" {Regen+ Str+3}
   (You took it off a deep elf sorcerer on level 3 of the Depths)

   [amulet of regeneration]

   Str+3:     It affects your strength (+3).
   Regen+:    It increases your rate of health regeneration.
 z - an amulet of magic regeneration
 B - an amulet of regeneration (around mantle)
 N - the ring "Nutuby" (right tentacle) {rElec rPois rC++ Int+3 SInv}
   (You found it on level 15 of the Dungeon)

   [ring of see invisible]

   Int+3:     It affects your intelligence (+3).
   rC++:      It greatly protects you from cold.
   rElec:     It insulates you from electricity.
   rPois:     It protects you from poison.
   SInv:      It lets you see invisible.
 O - a ring of fire (on tentacle)
 Q - a +6 ring of intelligence (on tentacle)
 S - the ring "Noiduuz" (on tentacle) {MP+9 Int+3 Dex+6}
   (You bought it in a shop on level 12 of the Dungeon)

   [ring of dexterity]

   Int+3:     It affects your intelligence (+3).
   Dex+6:     It affects your dexterity (+6).
   MP+9:      It affects your magic capacity (+9).
 T - a +6 ring of intelligence (left tentacle)
 U - a ring of magical power
 Y - a +5 ring of evasion (on tentacle)
Wands
 e - a wand of digging (6)
 l - a wand of paralysis (53)
 E - a wand of roots (27)
 M - a wand of acid (26)
Scrolls
 d - 24 scrolls of teleportation
 j - 7 scrolls of enchant weapon
 n - 6 scrolls of blinking
 p - 4 scrolls of poison
 s - 5 scrolls of amnesia
 x - 12 scrolls of revelation
 y - 10 scrolls of fear
 A - 9 scrolls of immolation
 C - 25 scrolls of identify
 D - a scroll of torment
 F - 5 scrolls of vulnerability
 G - 8 scrolls of enchant armour
 H - a scroll of butterflies
 L - 5 scrolls of fog
Potions
 h - 4 potions of ambrosia
 o - 8 potions of magic
 q - 21 potions of curing
 r - 7 potions of resistance
 t - 2 potions of berserk rage
 u - 3 potions of cancellation
 v - 14 potions of brilliance
 w - 15 potions of heal wounds
 I - 2 potions of mutation
 J - 5 potions of haste
 K - 4 potions of invisibility
 P - 4 potions of enlightenment
Miscellaneous
 b - a lightning rod (4/4)
 V - a phial of floods
 X - a phantom mirror


   Skills:
 - Level 11.4 Fighting
 + Level 22.3 Dodging
 - Level 2.6 Stealth
 - Level 20.1 Spellcasting
 + Level 25.2 Conjurations
 - Level 8.0 Translocations
 + Level 25.9 Fire Magic


You had 11 spell levels left.
You knew the following spells:

 Your Spells              Type           Power      Damage    Failure   Level
a - Foxfire               Conj/Fire      100%       2x1d9     1%          1
b - Orb of Destruction    Conj           70%        9d16      1%          7
c - Flame Wave            Conj/Fire      100%       2d21      1%          4
d - Blink                 Tloc           100%       N/A       1%          2
e - Iskenderun's Mystic   Conj/Tloc      100%       2d19      1%          4
f - Fireball              Conj/Fire      100%       3d36      1%          5
g - Starburst             Conj/Fire      100%       6d25      1%          6
h - Irradiate             Conj/Alch      54%        3d29      1%          5
i - Ignition              Fire           100%       3d25      1%          8
j - Passage of Golubria   Tloc           92%        N/A       1%          4
k - Fire Storm            Conj/Fire      100%       8d25      1%          9

Your spell library contained the following spells:

 Spells                   Type           Power      Damage    Failure   Level
 Chain Lightning          Conj/Air       54%        3d72      56%         9
 Lesser Beckoning         Tloc           100%       N/A       1%          2
 Momentum Strike          Conj/Tloc      100%       3d10      1%          2
 Scorch                   Fire           100%       2d9       1%          2
 Static Discharge         Conj/Air       100%       3-8/arc   1%          2
 Dazzling Flash           Conj/Hex       100%       N/A       1%          3
 Inner Flame              Hex/Fire       100%       N/A       1%          3
 Teleport Other           Tloc           92%        N/A       1%          3
 Volatile Blastmotes      Fire/Tloc      100%       2d18      1%          3
 Fulminant Prism          Conj/Alch      54%        3d22      1%          4
 Manifold Assault         Tloc           92%        N/A       1%          4
 Summon Blazeheart Golem  Fire/Summ      100%       N/A       1%          4
 Freezing Cloud           Conj/Ice/Air   47%        6-21      1%          5
 Iskenderun's Battlesphe  Conj           100%       2d15      1%          5
 Bombard                  Conj/Erth      54%        9d9       1%          6
 Plasma Beam              Fire/Air       92%        2x1d111   1%          6
 Necrotise                Necr           100%       1d9       2%          1
 Summon Small Mammal      Summ           100%       N/A       2%          1
 Ensorcelled Hibernation  Hex/Ice        100%       N/A       3%          2
 Sublimation of Blood     Necr           50%        N/A       3%          2
 Airstrike                Air            25%        2d(4-20)  3%          4
 Olgreb's Toxic Radiance  Alch           50%        N/A       3%          4
 Call Canine Familiar     Summ           50%        N/A       4%          3
 Confusing Touch          Hex            50%        N/A       4%          3
 Fugue of the Fallen      Necr           50%        N/A       4%          3
 Ozocubu's Armour         Ice            50%        N/A       4%          3
 Passwall                 Erth           50%        N/A       4%          3
 Sigil of Binding         Hex            50%        N/A       4%          3
 Summon Ice Beast         Ice/Summ       50%        N/A       4%          3
 Swiftness                Air            50%        N/A       4%          3
 Tukima's Dance           Hex            50%        N/A       4%          3
 Vampiric Draining        Necr           50%        2d9       4%          3
 Dimensional Bullseye     Hex/Tloc       37%        N/A       4%          4
 Vhi's Electric Charge    Tloc/Air       100%       N/A       4%          4
 Lee's Rapid Deconstruct  Erth           25%        3d14*     6%          5
 Summon Forest            Summ/Tloc      37%        N/A       7%          5
 Lehudib's Crystal Spear  Conj/Erth      54%        10d13     8%          8
 Anguish                  Hex/Necr       25%        N/A       11%         4
 Animate Dead             Necr           50%        N/A       11%         4
 Cause Fear               Hex            25%        N/A       11%         4
 Leda's Liquefaction      Alch/Erth      25%        N/A       11%         4
 Martyr's Knell           Necr/Summ      50%        N/A       11%         4
 Petrify                  Alch/Erth      50%        N/A       11%         4
 Summon Lightning Spire   Summ/Air       50%        N/A       11%         4
 Borgnjor's Vile Clutch   Necr/Erth      25%        N/A       22%         5
 Curse of Agony           Necr           50%        N/A       22%         5
 Metabolic Englaciation   Hex/Ice        25%        N/A       22%         5
 Silence                  Hex/Air        25%        N/A       22%         5
 Summon Mana Viper        Hex/Summ       50%        N/A       22%         5
 Eringya's Noxious Bog    Alch           25%        4d6       22%         6
 Permafrost Eruption      Ice/Erth       25%        2x4d8     22%         6
 Death Channel            Necr           25%        N/A       65%         6
 Sculpt Simulacrum        Ice/Alch       25%        N/A       65%         6
 Summon Cactus Giant      Summ           25%        N/A       65%         6
 Malign Gateway           Summ/Tloc      37%        N/A       67%         7
 Ozocubu's Refrigeration  Ice            25%        4d13      67%         7
 Disjunction              Tloc           46%        N/A       80%         8
 Enfeeble                 Hex            25%        N/A       99%         7
 Monstrous Menagerie      Summ           25%        N/A       99%         7
 Summon Hydra             Summ           25%        N/A       99%         7
 Maxwell's Capacitive Co  Air            25%        ∞         99%         8
 Discord                  Hex            25%        N/A       100%        8
 Death's Door             Necr           25%        N/A       100%        9
 Polar Vortex             Ice            25%        12d3*     100%        9
 Animate Armour           Summ/Erth      Unusable   N/A       N/A         4

Dungeon Overview and Level Annotations

Branches:
Dungeon (15/15)            Temple (1/1) D:4            Lair (5/5) D:9
 Shoals (4/4) Lair:2        Snake (4/4) Lair:2        Slime (0/5) Lair:5
    Orc (2/2) D:11            Elf (3/3) Orc:2        Vaults (5/5) D:14
  Crypt (0/3) Vaults:3     Depths (4/4) D:15            Zot (5/5) Depths:4
Volcano (visited)

Altars:
Ashenzari
Cheibriados
Dithmenos
Elyvilon
Fedhas
Gozag
Hepliaklqana
Kikubaaqudgha
Makhleb
Nemelex Xobeh
Okawaru
Qazlal
Ru
Sif Muna
Trog
Uskayaw
Vehumet
Wu Jian
Xom
Yredelemnul
Zin
The Shining One
Beogh
Jiyva
Lugonu

Shops:
D:1 ((=!*   D:5 !   D:9 ?:(   D:12 :=   Orc:2 *[!(((=[   Elf:3 [*   Snake:2 ?
Vaults:5 =[   Depths:1 [*   Depths:2 (

Portals:
Hell: Depths:1 Depths:2 Depths:3 Depths:4
Abyss: Lair:5 Depths:1 Depths:2 Depths:3 Depths:4
Pandemonium: Depths:2 Depths:3 Depths:4
Ziggurat: Depths:2
Trove: Elf:1 (give 2 scrolls of acquirement)

Annotations:
D:7 1 runed translucent door, Crazy Yiuf, Joseph
D:15 Azrael


Innate Abilities, Weirdness & Mutations

You cannot wear most types of armour.
You are amphibious.
You can wear up to eight rings at the same time.
Your skin changes colour to match your surroundings (Stealth+).
Your rubbery body absorbs attacks. (AC +1, EV +1)
((You are camouflaged when in or above water. (Stealth+)))
You have tentacles for arms and can constrict up to eight enemies at once.
You are agile. (Dex +4, Str/Int -1)
You are frail. (-10% HP)
You are strong-willed. (Will+)
Your muscles are strong. (Str +4, Int/Dex -1)


Message History

Fireballchaos spawn54.495 x3; Fireballsmall abomination52.745 Fireballchaos spawn54.495 x2; FireballDelirac55.245; Fireballchaos spawn54.495 x11
Fireballsmall abomination36.078333333333 FireballDelirac38.578333333333 Fireballsmall abomination36.078333333333 FireballDelirac38.578333333333; Fireballchaos spawn37.828333333333 (orb of destruction=402.6|57.514285714286@-2,2) (fireball=630.43314583333|126.08662916667@-6,4) (iskenderun's mystic blast=121.21290322581|30.303225806452@0,0) (starburst=554.39707219828|92.399512033046@0,0) (foxfire=41.838321019772|41.838321019772@0,0) (fire storm=1339.5936014368|148.84373349298@-4,4) (ignition=1663.4662916667|207.93328645833@0,0)
You feel a huge surge of power!
The air bursts into flame!
The fireball engulfs Delirac!!!
Delirac is moderately wounded.
The fireball engulfs the small abomination!!!
You destroy the small abomination!
Vehumet accepts your kill.
You feel your power returning.
The fireball engulfs the chaos spawn!!
You kill the chaos spawn!
Vehumet accepts your kill.
You feel your power returning.
The chaos spawn degenerates into a cloud of primal chaos!
The fireball engulfs Delirac!!!
Delirac is severely wounded.
FireballDelirac55.245 x9; FireballDelirac38.578333333333 (foxfire=62.628535641875|62.628535641875@0,0) (ignition=448.79515943878|56.099394929847@0,0) (fire storm=797.1051|88.567233333333@-4,6) (fireball=448.99315943878|89.798631887755@-4,6) (starburst=581.17125|96.861875@0,0)
You feel a huge surge of power!
The bolt of fire hits Delirac!!!!
You kill Delirac!
Vehumet accepts your kill.
You feel your power returning.
Magic restored.
There is an escape hatch in the floor here.
There is a staircase leading out of the dungeon here.
You have escaped!

#.#########...#.#.##.#.......##
##.# #.###.#.#########..## #..#
#.....#.#≈..∩§.≈#..##
#.################.#..≈≈≈..#..##
#.>.............##.#§§§≈≈§.#..##
#...#..#..#..#..##.#§≈§≈≈≈.###..
#...............#..#.≈≈§≈§.#.#÷.
#...............####.§§≈≈..#.#..
#.>............@# ###..(..##....
#...............# #.....####.#..
#...............# #..........#..
##..#..#..#..#..# #.#.....#..#..
#>.............# #.#..####..###
################ #.#..).....# #
#.#........# # #..........###
####..........


There were no monsters in sight!

Vanquished Creatures
  3 dread liches
  Tiamat (Zot:5)
  11 orbs of fire
  4 ancient liches
  Mara (Vaults:2)
  Boris (Vaults:4)
  5 Killer Klowns
  3 curse toes
  Saint Roka (Elf:2)
  Margery (Depths:3)
  the Enchantress (Depths:2)
  8 golden dragons
  3 doom hounds (Zot:1)
  A hellephant (Depths:3)
  An Ice Fiend (D:11)
  3 electric golems (Zot:5)
  A Hell Sentinel (D:15)
  29 Orb Guardians
  11 tentacled monstrosities
  3 liches
  Rupert (Orc:2)
  Grunn (Zot:1)
  6 quicksilver dragons
  A walking divine tome (Depths:2)
  2 deep elf master archers (Elf:3)
  2 deep elf blademasters (Elf:3)
  9 death cobs
  A walking frostbound tome (Depths:3)
  4 titans (Vaults:5)
  An Executioner (D:15)
  Polyphemus (Shoals:2)
  9 sphinxes
  5 krakens
  Frances (D:13)
  Kirke (D:13)
  6 shadow dragons
  5 tengu reavers
  Agnes (D:15)
  Aizul (Shoals:1)
  13 storm dragons
  Ilsuiw (Shoals:3)
  9 draconian shifters
  10 fire giants
  3 draconian knights
  5 nagarajas (Snake:4)
  10 frost giants
  7 draconian monks
  13 vault wardens
  3 iron dragons
  A ghost moth (Zot:3)
  2 pandemonium lords
  3 draconian scorchers
  A curse skull (Vaults:3)
  Louise (D:15)
  11 ironbound preservers
  11 draconian annihilators
  7 deep elf elementalists (Elf:3)
  10 deep elf sorcerers
  4 spriggan defenders
  3 orc warlords
  2 balrugs
  A demonspawn corrupter (Zot:5)
  9 ironbound thunderhulks
  16 stone giants
  18 very ugly things
  8 green draconians
  2 formless jellyfish
  2 vampire knights
  Nessos (D:15)
  9 deep elf death magi
  13 purple draconians
  12 yellow draconians
  10 black draconians
  10 red draconians
  8 deep elf demonologists
  2 lorocyprocas
  A war gargoyle (Vaults:5)
  14 spark wasps
  8 dire elephants
  A minotaur (Shoals:4)
  11 white draconians
  4 deep elf annihilators (Elf:3)
  A green death (Depths:4)
  10 ettins
  A blizzard demon (D:7)
  3 crystal guardians
  5 merfolk impalers
  5 deep elf high priests
  21 yaktaur captains
  5 great orbs of eyes
  11 fire dragons
  An entropy weaver (Vaults:3)
  35 vault guards
  3 rakshasas
  2 salamander tyrants
  2 alligators (Shoals:3)
  2 peacekeepers
  5 hydras
  5 ironbound frosthearts
  5 merfolk avatars
  2 catoblepae
  A hell beast (Depths:1)
  10 anacondas
  3 ogre magi (Vaults:5)
  4 spriggan air magi
  4 boulder beetles
  12 ice dragons
  2 merfolk aquamancers (Shoals:1)
  22 dancing weapons
  2 alligator snapping turtles (Shoals:3)
  6 deep troll shamans
  A two-headed ogre (shapeshifter) (Vaults:5)
  9 two-headed ogres
  7 centaur warriors
  5 tengu warriors
  15 satyrs
  A death knight (D:15)
  14 death yaks
  10 deep troll earth magi
  8 spriggan berserkers
  A demonic crawler (Lair:5)
  A hell hog (Depths:1)
  2 thrashing horrors (Lair:5)
  2 vampire magi
  20 naga warriors
  6 occultists
  23 deep elf knights
  3 orc high priests (Orc:2)
  Sonja (Lair:3)
  2 sun demons
  5 shock serpents
  9 skysharks
  A skyshark (shapeshifter) (Elf:2)
  15 hell knights
  8 iron trolls
  19 naga sharpshooters
  4 salamander mystics
  18 sea snakes
  A flayed ghost (Depths:3)
  4 arcanists
  A mana viper (shapeshifter) (Elf:2)
  A golden dragon zombie (Depths:2)
  2 shadow demons
  19 deep elf archers
  5 naga ritualists
  9 thermic dynamos
  A glowing orange brain (Depths:4)
  10 mana vipers
  45 deep trolls
  9 lindwurms
  9 phantasmal warriors
  A large abomination (D:15)
  Pikel (D:6)
  An orange crystal statue (D:15)
  13 ironbound convokers
  An obsidian bat (Orc:2)
  28 deep elf pyromancers
  7 necromancers
  9 orc knights
  31 harpies
  32 deep elf zephyrmancers
  9 orc sorcerers
  17 salamanders
  A wolf spider (shapeshifter) (Elf:3)
  15 manticores
  A tengu skeleton (Depths:2)
  41 ugly things
  7 cyclopes
  19 fauns
  A shadow dragon skeleton (Depths:2)
  An ugly thing (shapeshifter) (Depths:2)
  A manticore (shapeshifter) (D:15)
  15 moths of wrath
  2 meliai (shapeshifter)
  3 kobold blastminers (Orc:2)
  30 slime creatures
  5 toenail golems (Volcano)
  22 black mambas
  10 merfolk sirens
  8 elephants
  A stone giant skeleton (Depths:1)
  A torpor snail (Lair:5)
  13 naga magi
  A black mamba (shapeshifter) (Elf:2)
  4 guardian serpents
  4 water nymphs
  An eye of devastation (shapeshifter) (Vaults:5)
  A molten gargoyle (Depths:1)
  A cane toad (shapeshifter) (Vaults:5)
  3 gargoyles
  4 smoke demons
  22 vault sentinels
  18 cane toads
  8 komodo dragons
  A yaktaur (shapeshifter) (Elf:2)
  An unseen horror (D:12)
  An efreet (D:14)
  3 kobold demonologists
  44 yaktaurs
  A freezing wraith (D:9)
  2 tengu conjurers (Depths:1)
  4 rime drakes
  An ice devil (Depths:1)
  A red devil (D:9)
  A tyrant leech (shapeshifter) (Elf:2)
  A spectral naga (Snake:2)
  A queen bee (shapeshifter) (Elf:2)
  4 trolls
  2 merfolk (shapeshifter)
  26 merfolk
  A wind drake (shapeshifter) (Vaults:5)
  2 polar bears
  A tyrant leech (Lair:5)
  5 wind drakes
  2 hornets
  A polar bear (shapeshifter) (Lair:5)
  Grinder (D:6)
  5 dream sheep (Lair:5)
  A snapping turtle (shapeshifter) (Vaults:5)
  2 raiju (Lair:5)
  17 blink frogs
  3 glass eyes
  5 snapping turtles
  2 vampires (D:12)
  A shadow (D:11)
  2 spriggan skeletons
  A yak (shapeshifter) (D:9)
  5 spriggans
  5 wraiths
  A centaur simulacrum (D:14)
  11 water elementals
  7 wyverns
  2 ynoxinuls
  41 yaks
  5 humans (Volcano)
  A golden eye (shapeshifter) (Elf:2)
  15 basilisks
  2 hogs (D:13)
  A fire elemental (D:15)
  9 vampire mosquitoes
  A neqoxec (Depths:1)
  3 wargs
  2 steam dragons
  2 redbacks (Vaults:3)
  5 chaos spawn
  Menkaure (D:6)
  69 nagas
  A glowing shapeshifter zombie (Depths:2)
  18 water moccasins
  3 swamp worms (Lair:5)
  12 small abominations
  2 acid dragons
  A sky beast (D:8)
  A hell hound (D:15)
  A glowing shapeshifter skeleton (Depths:1)
  23 orc warriors
  3 ice beasts
  A black bear (shapeshifter) (Elf:2)
  7 ogres
  2 laughing skulls (D:14)
  11 wolves
  14 boggarts
  10 centaurs
  2 lemures
  2 phantoms
  7 kobold brigands
  15 bullfrogs
  A bullfrog (shapeshifter) (Lair:5)
  5 gnoll sergeants
  2 earth elementals
  3 scorpions
  13 wights
  8 killer bees
  9 electric eels
  A crimson imp (D:5)
  12 hounds
  14 jellies
  5 bombardier beetles
  2 gnoll boudas (D:5)
  14 orc priests
  5 iguanas
  A sleepcap (D:5)
  26 orc wizards
  A hound skeleton (D:2)
  Robin (D:2)
  6 adders
  30 gnolls
  2 white imps (D:5)
  2 ufetubi (D:5)
  2 ribbon worms
  A dart slug (D:2)
  54 orcs
  6 ball pythons
  13 bats
  A bat skeleton (D:2)
  2 bat zombies (D:2)
  7 endoplasms
  3 giant cockroaches
  5 goblins
  6 hobgoblins
  2 jackals (D:5)
  36 kobolds
  4 quokkas
  A ball python skeleton (D:2)
  2 ball python zombies (D:2)
  2 frilled lizards (D:1)
  A giant cockroach zombie (D:2)
  A quokka skeleton (D:2)
  A quokka zombie (D:2)
  8 rats
  A fire vortex (Depths:3)
  24 tentacles
2186 creatures vanquished.

Vanquished Creatures (collateral kills)
  An Orb Guardian (Zot:5)
  A death cob (Zot:3)
  A storm dragon (Zot:5)
  A draconian annihilator (Zot:1)
  An ironbound preserver (Vaults:4)
  A very ugly thing (Vaults:5)
  A green draconian (Zot:1)
  A yaktaur captain (Vaults:5)
  An ogre (Vaults:5)
  5 foxfires
14 creatures vanquished.

Vanquished Creatures (others)
  A human (D:13)
  An orc (D:9)
  204 fire vortices
  1211 foxfires
  36 tentacles
1453 creatures vanquished.

Grand Total: 3653 creatures vanquished

Notes
Turn   | Place    | Note
-------+----------+-------------------------------------------
     0 | D:1      | Berder the Octopode Fire Elementalist began the quest for
                  | the Orb.
     0 | D:1      | Reached XP level 1. HP: 11/11 MP: 3/3
   231 | D:1      | Found Toxuful's Jewellery Boutique.
   239 | D:1      | Reached XP level 2. HP: 17/17 MP: 1/5
   296 | D:1      | Learned a level 2 spell: Scorch
   452 | D:1      | Found Ifiyn's Antique Weapon Boutique.
   520 | D:1      | Found Duxzosty's Weapon Boutique.
   815 | D:1      | Found Vyoky's Assorted Antiques.
   821 | D:1      | Bought a scroll labelled ATAODA KIZAK for 26 gold pieces
   821 | D:1      | Bought a scroll labelled WUMNASHRENOSS for 26 gold pieces
  1064 | D:1      | Reached XP level 3. HP: 21/21 MP: 2/6
  1198 | D:1      | Found Soisext's Distillery.
  1854 | D:2      | Reached XP level 4. HP: 27/27 MP: 3/7
  1896 | D:2      | Noticed Robin
  1927 | D:2      | Killed Robin
  2407 | D:2      | Reached XP level 5. HP: 31/31 MP: 0/9
  2664 | D:2      | You fall into a shaft and drop 1 floor!
  3569 | D:3      | Found a broken altar of Ashenzari.
  3731 | D:3      | Identified the ring "Pilutt" {rCorr SInv}
  3853 | D:3      | Found a snail-covered altar of Cheibriados.
  4256 | D:4      | Found a staircase to the Ecumenical Temple.
  4273 | Temple   | Entered the Ecumenical Temple
  4280 | Temple   | Became a worshipper of Vehumet
  4357 | D:4      | Noticed a phantom
  4358 | D:4      | Reached XP level 6. HP: 36/36 MP: 0/10
  4836 | D:4      | Learned a level 4 spell: Flame Wave
  5005 | D:4      | Found an ancient bone altar of Kikubaaqudgha.
  5005 | D:4      | Found a stormy altar of Qazlal.
  5031 | D:4      | Identified the +12 falchion of Qimahas {drain, rPois rCorr
                  | Stlth+}
  5391 | D:5      | Entered Level 5 of the Dungeon
  5461 | D:5      | Noticed an ice beast
  5472 | D:5      | Killed an ice beast
  5473 | D:5      | Reached XP level 7. HP: 41/41 MP: 3/13
  5556 | D:5      | Found a blossoming altar of Fedhas.
  5636 | D:5      | Reached skill level 5 in Conjurations
  5642 | D:5      | Reached skill level 5 in Fire Magic
  5935 | D:5      | Reached * piety under Vehumet
  5935 | D:5      | Offered knowledge of Magic Dart by Vehumet.
  6166 | D:5      | Reached XP level 8. HP: 46/46 MP: 9/15
  6370 | D:5      | Reached skill level 5 in Spellcasting
  6512 | D:5      | Found a glowing golden altar of the Shining One.
  7120 | D:5      | Found Zienasm's Distillery.
  7178 | D:5      | Offered knowledge of Sandblast by Vehumet.
  7248 | D:5      | Reached ** piety under Vehumet
  7252 | D:5      | Reached XP level 9. HP: 51/51 MP: 13/18
  7593 | D:6      | Noticed Pikel
  7674 | D:6      | Noticed Grinder
  7758 | D:6      | Paralysed by Grinder for 2 turns
  7761 | D:6      | Killed Grinder
  7938 | D:6      | Found a shadowy altar of Dithmenos.
  8056 | D:6      | Noticed Menkaure
  8218 | D:6      | Killed Pikel
  8237 | D:6      | Killed Menkaure
  9286 | D:7      | Found a runed translucent door.
  9287 | D:7      | Noticed Crazy Yiuf
  9403 | D:7      | Offered knowledge of Dazzling Flash by Vehumet.
  9490 | D:7      | Reached XP level 10. HP: 56/56 MP: 17/21
  9601 | D:7      | Noticed Joseph
 10044 | D:7      | Learned a level 2 spell: Blink
 10176 | D:7      | Reached skill level 1 in Fighting
 10721 | D:8      | Reached skill level 1 in Translocations
 10804 | D:8      | Identified the +2 dagger of Propriety {flame, Int+2 Dex+2
                  | SInv}
 10854 | D:8      | Reached *** piety under Vehumet
 11118 | D:9      | Noticed a walking earthen tome
 11118 | D:9      | Noticed a walking crystal tome
 11118 | D:9      | Found Fedgh's Book Shoppe.
 11338 | D:1      | Bought a ring of fire for 325 gold pieces
 11482 | D:9      | Found a staircase to the Lair.
 11489 | D:9      | Found Jyinor's Weapon Shop.
 11562 | D:9      | Noticed a kobold demonologist
 11575 | D:9      | Killed a kobold demonologist
 11824 | D:9      | Offered knowledge of Iskenderun's Mystic Blast by Vehumet.
 11834 | D:9      | Learned a level 4 spell: Iskenderun's Mystic Blast
 11900 | D:9      | Found Linesi's Magic Scroll Shoppe.
 12011 | D:9      | Reached XP level 11. HP: 68/68 MP: 6/23
 12122 | D:9      | Reached **** piety under Vehumet
 12122 | D:9      | Noticed a two-headed ogre
 12167 | D:9      | Killed a two-headed ogre
 12170 | D:9      | Offered knowledge of Fireball by Vehumet.
 12181 | D:9      | Learned a level 5 spell: Fireball
 12782 | D:9      | Noticed a cyan ugly thing
 12786 | D:9      | Killed a cyan ugly thing
 13280 | Lair:1   | Entered Level 1 of the Lair of Beasts
 13283 | Lair:1   | Reached skill level 5 in Dodging
 13292 | Lair:1   | Reached skill level 5 in Fighting
 13306 | D:9      | Gained mutation: Your flesh is heat resistant. (rF+)
                  | [potion of mutation]
 13306 | D:9      | Gained mutation: Your magical capacity is low. (-10% MP)
                  | [potion of mutation]
 13306 | D:9      | Gained mutation: Your muscles are strong. (Str +4, Int/Dex
                  | -1) [potion of mutation]
 13424 | D:9      | Lost mutation: Your muscles are strong. (Str +4, Int/Dex
                  | -1) [potion of mutation]
 13424 | D:9      | Lost mutation: Your magical capacity is low. (-10% MP)
                  | [potion of mutation]
 13424 | D:9      | Gained mutation: You passively dampen the noise of your
                  | surroundings. [potion of mutation]
 13524 | Lair:1   | Reached skill level 10 in Fire Magic
 13626 | Lair:1   | Reached skill level 10 in Conjurations
 13632 | Lair:1   | Reached XP level 12. HP: 78/78 MP: 6/25
 14103 | Lair:1   | Reached ***** piety under Vehumet
 14177 | Lair:1   | Offered knowledge of Iskenderun's Battlesphere by Vehumet.
 14192 | Lair:1   | Learned a level 5 spell: Iskenderun's Battlesphere
 14411 | Lair:1   | Learned a level 5 spell: Irradiate
 14649 | Lair:2   | Identified the +2 spear "Omisacus" {venom, rC+}
 15258 | Lair:2   | Found a staircase to the Shoals.
 15453 | Lair:2   | Found a staircase to the Snake Pit.
 15517 | Lair:2   | Noticed a four-headed hydra
 15519 | Lair:2   | Killed a four-headed hydra
 15520 | Lair:2   | Reached skill level 10 in Spellcasting
 16018 | Lair:3   | Noticed a death yak
 16021 | Lair:3   | Noticed a death yak
 16022 | Lair:3   | Noticed a death yak
 16050 | Lair:3   | Noticed a death yak
 16051 | Lair:3   | Noticed a death yak
 16053 | Lair:3   | Killed a death yak
 16054 | Lair:3   | Reached XP level 13. HP: 86/86 MP: 4/27
 17223 | Lair:3   | Noticed Sonja
 17229 | Lair:3   | Killed Sonja
 17864 | Lair:4   | Found a dark tunnel.
 17874 | Volcano  | Entered a volcano
 18845 | Lair:4   | Offered knowledge of Sticky Flame by Vehumet.
 18846 | Lair:4   | Reached XP level 14. HP: 97/97 MP: 3/28
 19213 | Lair:5   | Entered Level 5 of the Lair of Beasts
 19660 | Lair:5   | Reached skill level 10 in Fighting
 19679 | Lair:5   | Reached skill level 10 in Dodging
 20354 | Lair:5   | Identified the +6 plate armour "Neiter" {Regen+ rCorr
                  | Str+2}
 20738 | Lair:5   | Found a staircase to the Slime Pits.
 20739 | Lair:5   | Found a viscous altar of Jiyva.
 21086 | Lair:5   | Offered knowledge of Spellforged Servitor by Vehumet.
 21275 | Lair:5   | Identified the +9 hand axe "Peaboab" {distort, rN+ rCorr}
 22829 | Lair:5   | Found a one-way gate to the infinite horrors of the Abyss.
 22832 | Lair:5   | Found a corrupted altar of Lugonu.
 23079 | Lair:5   | Upgraded the game from 0.32-a0-779-g362cfcae2a to
                  | 0.32-a0-791-gfc315c9ecd
 23239 | D:10     | Entered Level 10 of the Dungeon
 23241 | D:10     | Reached XP level 15. HP: 107/107 MP: 23/29
 24379 | D:11     | Offered knowledge of Plasma Beam by Vehumet.
 24517 | D:11     | Found a staircase to the Orcish Mines.
 25109 | D:12     | Found Ceoto's Vocational Training.
 25196 | D:12     | Found Qecaewop's Jewellery Shop.
 25945 | D:13     | Noticed Kirke
 25949 | D:13     | Killed Kirke
 26139 | D:13     | Noticed Frances
 26146 | D:13     | Killed Frances
 26982 | D:14     | Reached skill level 15 in Fire Magic
 27403 | D:14     | Found a gate to the Vaults.
 28385 | D:15     | Entered Level 15 of the Dungeon
 28385 | D:15     | Noticed Agnes
 28388 | D:15     | Killed Agnes
 28556 | D:15     | Noticed Azrael
 28748 | D:15     | Offered knowledge of Yara's Violent Unravelling by Vehumet.
 28826 | D:15     | Noticed Nessos
 28829 | D:15     | Noticed Louise
 28830 | D:15     | Killed Nessos
 28833 | D:15     | Killed Louise
 28971 | D:15     | Reached XP level 16. HP: 60/113 MP: 25/32
 29422 | D:15     | Learned a level 8 spell: Ignition
 30115 | D:15     | Learned a level 4 spell: Passage of Golubria
 30431 | Shoals:1 | Entered Level 1 of the Shoals
 31113 | Shoals:1 | Identified the serpent talisman "Sion" {Will+++ rCorr Int-2
                  | Dex+5 Stlth-}
 31113 | Shoals:1 | Noticed Aizul
 31117 | Shoals:1 | Killed Aizul
 31118 | Shoals:1 | Reached skill level 5 in Translocations
 31260 | Shoals:1 | Noticed a kraken
 31469 | Shoals:1 | Killed a kraken
 32195 | Shoals:2 | Noticed Polyphemus
 32216 | Shoals:2 | Killed Polyphemus
 32467 | Shoals:2 | Noticed a kraken
 32506 | Shoals:2 | Killed a kraken
 32680 | Shoals:2 | Noticed a kraken
 32683 | Shoals:2 | Killed a kraken
 33504 | Orc:1    | Entered Level 1 of the Orcish Mines
 33626 | Orc:2    | Entered Level 2 of the Orcish Mines
 33629 | Orc:2    | Reached ****** piety under Vehumet
 33630 | Orc:2    | Reached XP level 17. HP: 117/117 MP: 32/34
 33634 | Orc:2    | Noticed Rupert
 33634 | Orc:2    | Offered knowledge of Starburst by Vehumet.
 33638 | Orc:2    | Killed Rupert
 33694 | Orc:2    | Found a flickering gateway to a bazaar.
 33695 | Orc:2    | Found a staircase to the Elven Halls.
 33717 | Bazaar   | Entered a bazaar
 33762 | Bazaar   | Found Wulyupe's Book Shop.
 33775 | Bazaar   | Found Arutuliw's Jewellery Shop.
 33823 | Bazaar   | Bought a ring of fire for 225 gold pieces
 33979 | Orc:2    | Found Tyelualeu's Weapon Emporium.
 33989 | Orc:2    | Found Horghuw's Distillery.
 34094 | Orc:2    | Found Lecuod's Armour Shoppe.
 34167 | Orc:2    | Found Dupesu's General Store.
 34217 | Orc:2    | Found a roughly hewn altar of Beogh.
 34288 | Orc:2    | Found Ilyfumer's Antique Weapon Shoppe.
 34545 | Orc:2    | Found Unimm's Jewellery Shop.
 34558 | Orc:2    | Found Joume's Armour Shop.
 34560 | Orc:2    | Found Opleom's Antique Weapon Shoppe.
 34808 | D:12     | Bought the ring "Eqan" {rN+ Will+ rCorr MP+9 Str+2} for 605
                  | gold pieces
 34912 | Orc:2    | Learned a level 6 spell: Starburst
 35006 | D:12     | Bought the ring "Noiduuz" {MP+9 Int+3 Dex+6} for 886 gold
                  | pieces
 35452 | Shoals:3 | Noticed a kraken
 35456 | Shoals:3 | Killed a kraken
 35514 | Shoals:3 | Noticed Ilsuiw
 35523 | Shoals:3 | Killed Ilsuiw
 36359 | Shoals:4 | Entered Level 4 of the Shoals
 36495 | Shoals:4 | Offered knowledge of Orb of Destruction by Vehumet.
 36505 | Shoals:4 | Reached skill level 15 in Spellcasting
 36710 | Shoals:4 | Reached XP level 18. HP: 101/124 MP: 30/37
 36734 | Shoals:4 | Learned a level 7 spell: Orb of Destruction
 36893 | Shoals:4 | Got a barnacled rune of Zot
 36955 | Shoals:4 | Identified the staff of Doemus {rElec rN+ Int-4 Air
                  | Alchemy}
 37585 | Snake:1  | Entered Level 1 of the Snake Pit
 38660 | Snake:2  | Offered knowledge of Fire Storm by Vehumet.
 38660 | Snake:2  | Offered knowledge of Chain Lightning by Vehumet.
 38660 | Snake:2  | Offered knowledge of Maxwell's Capacitive Coupling by
                  | Vehumet.
 39242 | Snake:2  | Found Qouttuiha's Magic Scroll Shop.
 39734 | Snake:3  | Reached XP level 19. HP: 129/129 MP: 41/41
 40958 | Snake:4  | Entered Level 4 of the Snake Pit
 42062 | Snake:4  | Got a serpentine rune of Zot
 42452 | D:15     | Identified the ring "Nutuby" {rElec rPois rC++ Int+3 SInv}
 42489 | D:15     | Learned a level 9 spell: Fire Storm
 42901 | D:15     | Got the Tome of the Disjunct Glacier
 43041 | D:15     | Found a staircase to the Depths.
 43148 | Vaults:1 | Entered Level 1 of the Vaults
 43703 | Vaults:1 | Reached XP level 20. HP: 135/135 MP: 44/44
 44595 | Vaults:2 | Noticed Mara
 44642 | Vaults:2 | Killed Mara
 45143 | Vaults:2 | Identified the +3 arbalest of the Hills {heavy, Dex+3}
 45980 | Vaults:3 | Found a staircase to the Crypt.
 46299 | Vaults:3 | Reached skill level 15 in Conjurations
 46384 | Vaults:3 | Identified a scroll of acquirement
 46388 | Vaults:3 | Acquired the +0 hat "Sopamiul" {rF+ Int+5 SInv}
 46862 | Vaults:3 | Reached XP level 21. HP: 141/141 MP: 45/45
 47416 | Vaults:4 | Identified the +4 robe "Tely" {Harm rElec}
 47416 | Vaults:4 | Noticed Boris
 47418 | Vaults:4 | Killed Boris
 48676 | Elf:1    | Entered Level 1 of the Elven Halls
 49249 | Elf:1    | Found a portal to a secret trove of treasure.
 49616 | Elf:2    | Found a runed translucent gate.
 49617 | Elf:2    | Found a runed translucent gate.
 49617 | Elf:2    | Found a runed translucent gate.
 49672 | Elf:2    | Reached XP level 22. HP: 138/146 MP: 46/46
 49821 | Elf:2    | Found a shimmering blue altar of Sif Muna.
 50640 | Elf:2    | Noticed Saint Roka
 50643 | Elf:2    | Killed Saint Roka
 50644 | Elf:2    | Reached skill level 15 in Dodging
 50817 | Elf:3    | Entered Level 3 of the Elven Halls
 50859 | Elf:3    | Found Ufaggalo's Antique Armour Shoppe.
 50980 | Elf:3    | Found Qyha's CLEARANCE SALE!.
 50989 | Elf:3    | Bought a potion of brilliance for 20 gold pieces
 51483 | Elf:3    | Got Ryggaoc's Last Journal of Boris
 51484 | Elf:3    | Identified the +8 halberd of Instant Death {protect, rPois
                  | Int+3 Dex-5}
 51503 | Elf:3    | Identified the +2 quarterstaff of Duty {freeze, rC+ Str+3}
 51601 | Elf:3    | Identified the staff of Enomaar {rN+ SInv Stlth+ Necro}
 51665 | Elf:3    | Identified the +1 leather armour of Ennui {Harm Will- SInv}
 51696 | Elf:3    | Got the Folio of Somber Jinxing
 52255 | Depths:1 | Entered Level 1 of the Depths
 52431 | Depths:1 | Found Doemp's General Store.
 52436 | Depths:1 | Found Ubaexuhe's Armour Shoppe.
 52588 | Depths:1 | You fall into a shaft and drop 1 floor!
 52595 | Depths:2 | Reached XP level 23. HP: 152/152 MP: 47/47
 53136 | Depths:1 | Noticed a golden dragon
 53137 | Depths:1 | Killed a golden dragon
 53416 | Depths:1 | Found a gateway to Hell.
 54008 | Depths:2 | Found a one-way gate leading to the halls of Pandemonium.
 54009 | Depths:2 | Found a one-way gateway to a ziggurat.
 54012 | Depths:2 | Found Jiankapn's Weapon Shop.
 54206 | Depths:2 | Found a broken altar of Ashenzari.
 54241 | Depths:2 | Killed the Enchantress
 54242 | Depths:2 | Found the +2 faerie dragon scales {Harm rCorr Int+3 Slay+3
                  | Stlth-}
 54923 | Depths:3 | Identified the amulet "Daopsoe" {Regen+ Str+3}
 54980 | Depths:3 | Noticed Margery
 54982 | Depths:3 | Killed Margery
 55006 | Depths:3 | Reached XP level 24. HP: 134/158 MP: 47/47
 55447 | Depths:3 | Found a flickering gateway to a bazaar.
 55462 | Bazaar   | Entered a bazaar
 55462 | Bazaar   | Found Tototy's Assorted Antiques.
 55462 | Bazaar   | Found Ijooxe's Book Emporium.
 55464 | Bazaar   | Found Main's Distillery.
 55492 | Bazaar   | Found Bunomue's Antique Armour Shoppe.
 55500 | Bazaar   | Bought a shiny orb for 156 gold pieces
 56322 | Depths:4 | Entered Level 4 of the Depths
 56434 | Depths:4 | Identified the ring of Omiviam {Ice rPois SInv}
 56968 | Depths:4 | Found a gate to the Realm of Zot.
 57108 | Depths:4 | Paralysed by a sphinx for 5 turns
 57784 | Vaults:5 | Entered Level 5 of the Vaults
 57913 | Vaults:5 | Reached XP level 25. HP: 163/163 MP: 47/47
 58105 | Vaults:5 | Found Malaataj's Jewellery Emporium.
 58142 | Vaults:5 | Got the Thoughts on the Map
 58350 | Vaults:5 | Noticed a dread lich
 58351 | Vaults:5 | Killed a dread lich
 58442 | Vaults:5 | Got a silver rune of Zot
 58602 | Vaults:5 | Found Jutoyt's Armour Shop.
 58637 | Vaults:5 | Noticed an ancient lich
 58639 | Vaults:5 | Killed an ancient lich
 58722 | Vaults:5 | Identified the +1 hand axe of Seuts {flame, *Noise rElec
                  | rN+++ rCorr} (You took it off a yaktaur on level 5 of the
                  | Vaults)
 59466 | Zot:1    | Entered Level 1 of the Realm of Zot
 59466 | Zot:1    | Noticed Grunn
 59474 | Zot:1    | Killed Grunn
 59544 | Zot:2    | Noticed an orb of fire
 59549 | Zot:2    | Killed an orb of fire
 59790 | Zot:2    | Noticed a Killer Klown
 59798 | Zot:2    | Killed a Killer Klown
 59930 | Zot:2    | Noticed an orb of fire
 59934 | Zot:2    | Killed an orb of fire
 60095 | Zot:3    | Reached XP level 26. HP: 170/170 MP: 47/47
 60472 | Zot:4    | Noticed a Killer Klown
 60477 | Zot:4    | Killed a Killer Klown
 61470 | Zot:5    | Entered Level 5 of the Realm of Zot
 61470 | Zot:5    | Noticed an orb of fire
 61470 | Zot:5    | Noticed an orb of fire
 61471 | Zot:5    | Gained mutation: You occasionally lose the ability to drink
                  | potions when taking damage. [an orb of fire]
 61598 | Zot:4    | Lost mutation: You passively dampen the noise of your
                  | surroundings. [potion of mutation]
 61598 | Zot:4    | Lost mutation: You occasionally lose the ability to drink
                  | potions when taking damage. [potion of mutation]
 61598 | Zot:4    | Lost mutation: Your flesh is heat resistant. (rF+) [potion
                  | of mutation]
 61598 | Zot:4    | Gained mutation: Your body sometimes deteriorates upon
                  | taking damage. [potion of mutation]
 61598 | Zot:4    | Gained mutation: Your flesh is heat resistant. (rF+)
                  | [potion of mutation]
 61602 | Zot:5    | Gained mutation: You are vulnerable to cold. (rC-) [an orb
                  | of fire]
 61604 | Zot:5    | Killed an orb of fire
 61605 | Zot:5    | Killed an orb of fire
 61753 | Zot:5    | Lost mutation: Your body sometimes deteriorates upon taking
                  | damage. [potion of mutation]
 61753 | Zot:5    | Lost mutation: Your flesh is heat resistant. (rF+) [potion
                  | of mutation]
 61753 | Zot:5    | Gained mutation: Your health recovers twice as slowly from
                  | being drained. [potion of mutation]
 61753 | Zot:5    | Gained mutation: You passively map a small area around you.
                  | [potion of mutation]
 61754 | Zot:5    | Lost mutation: Your health recovers twice as slowly from
                  | being drained. [potion of mutation]
 61754 | Zot:5    | Lost mutation: You are vulnerable to cold. (rC-) [potion of
                  | mutation]
 61754 | Zot:5    | Gained mutation: You are vulnerable to cold. (rC-) [potion
                  | of mutation]
 61754 | Zot:5    | Gained mutation: You are weak. (Str -2) [potion of
                  | mutation]
 61755 | Zot:5    | Lost mutation: You passively map a small area around you.
                  | [potion of mutation]
 61755 | Zot:5    | Lost mutation: You are vulnerable to cold. (rC-) [potion of
                  | mutation]
 61755 | Zot:5    | Lost mutation: You are weak. (Str -2) [potion of mutation]
 61755 | Zot:5    | Gained mutation: You are agile. (Dex +4, Str/Int -1)
                  | [potion of mutation]
 61755 | Zot:5    | Gained mutation: You are strong-willed. (Will+) [potion of
                  | mutation]
 61755 | Zot:5    | Gained mutation: Your muscles are strong. (Str +4, Int/Dex
                  | -1) [potion of mutation]
 61913 | Zot:5    | Found the +4 dragonskin cloak {Aegis}
 61913 | Zot:5    | Noticed Tiamat
 61919 | Zot:5    | Killed Tiamat
 62396 | Zot:5    | Noticed an orb of fire
 62399 | Zot:5    | Noticed an orb of fire
 62400 | Zot:5    | Killed an orb of fire
 62401 | Zot:5    | Killed an orb of fire
 62402 | Zot:5    | Noticed a Killer Klown
 62407 | Zot:5    | Killed a Killer Klown
 62408 | Zot:5    | Reached XP level 27. HP: 170/174 MP: 32/47
 62526 | Zot:5    | Noticed an orb of fire
 62530 | Zot:5    | Killed an orb of fire
 62581 | Zot:5    | Noticed an ancient lich
 62583 | Zot:5    | Killed an ancient lich
 62614 | Zot:5    | Noticed an ancient lich
 62623 | Zot:5    | Killed an ancient lich
 62796 | Zot:5    | Noticed an orb of fire
 62800 | Zot:5    | Killed an orb of fire
 62801 | Zot:5    | Noticed an orb of fire
 62804 | Zot:5    | Noticed an orb of fire
 62805 | Zot:5    | Killed an orb of fire
 62805 | Zot:5    | Noticed a dread lich
 62805 | Zot:5    | Noticed an ancient lich
 62806 | Zot:5    | Noticed a dread lich
 62807 | Zot:5    | Killed a dread lich
 62807 | Zot:5    | Killed an ancient lich
 62807 | Zot:5    | Gained mutation: You are frail. (-10% HP) [an orb of fire]
 62807 | Zot:5    | Noticed an orb of fire
 62808 | Zot:5    | Killed an orb of fire
 62811 | Zot:5    | Killed a dread lich
 62813 | Zot:5    | Killed an orb of fire
 63017 | Zot:5    | Got the Orb of Zot
 63334 | Depths:1 | Noticed Fois the pandemonium lord
 63335 | Depths:1 | Killed Fois the pandemonium lord
 63657 | D:1      | Noticed Delirac the pandemonium lord
 63658 | D:1      | Killed Delirac the pandemonium lord
 63690 | D:$      | Escaped with the Orb!

Illustrated notes

Levels and vault maps discovered:
D:1:      lemuel_arrival_broad_hall, layout_basic, serial_shops,
          nicolae_shop_tiny_real_fake_doors, shop, shop, nicolae_lakefront_shop,
          shop
D:2:      layout_basic, serial_undead, serial_undead_f, serial_undead_b,
          serial_undead_a, serial_undead_b, serial_undead_a, serial_undead_b,
          chequers_serial_rivers_large_a, uniq_robin
D:3:      layout_loops_ring, slow_altar_2, lemuel_tele_altar
D:4:      layout_basic, gammafunk_temple_overflow_elements,
          minmay_temple_entry_waves
D:5:      layout_cave_pools, overflow_temple_1_default,
          mainiacjoe_overflow_small_starburst, serial_gnoll_camp,
          gnoll_camp_mini_basic, gnoll_camp_medium_01, gnoll_camp_mini_shop,
          gnoll_camp_huts_moat, minmay_fire_ice_demons
D:6:      layout_basic, grunt_dithmenos_smoke_and_mirrors,
          minmay_misc_feat_square, uniq_pikel, uniq_grinder, uniq_menkaure
D:7:      layout_layer_cave, uniq_crazy_yiuf_cottage, uniq_joseph
D:8:      layout_rooms
D:9:      minmay_quarter_circles, layout_rooms, lair_entry_dummy, serial_shops,
          nicolae_square_shop, shop, nicolae_shop_mannequins
D:10:     layout_loops_cross
D:11:     layout_cave_pods, orc_0_dummy
D:12:     layout_roguey, serial_shops, nicolae_shop_tiny_statue_garden,
          nicolae_shop_vocational
D:13:     layout_basic, uniq_frances, uniq_kirke
D:14:     layout_stronghold, lightli_vaults_fourway_checkpoint,
          minmay_misc_feat_tower
D:15:     gammafunk_enter_depths_forms, layout_basic, minmay_protected_statue,
          uniq_agnes, uniq_azrael, uniq_nessos, uniq_louise
Temple:   nicolae_temple_bog_church
Lair:1:   beast_lair_carwin_large_2, layout_long_grid, grunt_megastairs_4
Lair:2:   layout_chaotic_city, nicolae_shoals_entry_roost,
          alex1729_snake_entry_snake, serial_bayou_crossing,
          lemuel_fruit_fields, lemuel_fruit_fields, lemuel_fruit_tree
Lair:3:   layout_hall_layers, uniq_sonja
Lair:4:   layout_roguey, nicolae_volcano_entry_hallway
Lair:5:   hellmonk_lair_end_abyssal_woods, layout_layer_cave,
          minmay_slime_entry_jelly_boxes, worms_lemuel
Shoals:1: cheibrodos_shoals_satyrical_garden, layout_shoals, uniq_aizul
Shoals:2: layout_shoals, nicolae_shoals_stone_sculpture_thing, uniq_polyphemus
Shoals:3: layout_shoals, nicolae_shoals_siren_and_animal_friends, uniq_ilsuiw
Shoals:4: shoals_end_hellmonk_lost_city
Snake:1:  layout_onion
Snake:2:  layout_basic, serial_shops, shop, st_stairs_11, grunt_ministairs_12,
          nicolae_snake_ghostly_warrior_ritual, serial_bayou_shore_a
Snake:3:  layout_layer_cave
Snake:4:  minmay_snake_end_coiled, layout_onion
Orc:1:    layout_caves, serial_shops, shop
Orc:2:    st_orc_elflike, layout_caves, serial_shops, bzr_entry_customers, shop,
          shop, nicolae_shop_window_shopping, nicolae_shop_tiny_glass,
          basic_altar, uniq_rupert
Elf:1:    eino_elf_arrival_customs, layout_loops_cross,
          nicolae_trove_entry_diagonal, hangedman_elf_disciples
Elf:2:    nicolae_elf_blades_crystal_corner, layout_onion_city, basic_altar,
          nicolae_elf_shapeshifter_party, uniq_saint_roka
Elf:3:    minmay_elf_hall_spiked, layout_loops_corners, serial_shops, shop,
          nicolae_shop_clearance, grunt_megastairs_2
Vaults:1: hangedman_vaults_pinch, v_misc_19, ontoclasm_vaults_spin,
          nicolae_vaults_lightning_bolt, hangedman_vaults_capsules,
          nicolae_vaults_closet_pinwheel_3, hangedman_vaults_impose,
          ontoclasm_vaults_hangar, dpeg_vaults_monster_row,
          nicolae_vaults_gold_heap, layout_vaults_omnicross
Vaults:2: nicolae_vaults_closet_pinwheel_3, nicolae_vaults_trapezoid_lopsided_4,
          hangedman_vaults_trim, nicolae_vaults_specimen_jars,
          grunt_vaults_trifunnel, nicolae_vaults_yaktaur_gun_rack,
          nicolae_vaults_diamond_2, v_misc_13, v_misc_9, vaults_dpeg_ring,
          vaults_room_boxed, vaults_dpeg_diagonal, v_alt_pattern_3,
          ontoclasm_vaults_misaligned, st_more_cells, layout_vaults_maze,
          uniq_mara
Vaults:3: minmay_crypt_entry_simple_statues, nicolae_vaults_shrinking_rooms_1,
          ontoclasm_vaults_claustrophobia, ontoclasm_vaults_gateway,
          grunt_vaults_focal, ontoclasm_vaults_shuriken,
          nicolae_vaults_ellipses_ellipsis, vaults_mumra_minichess,
          ontoclasm_vaults_decontamination, nicolae_vaults_door_testing_chamber,
          v_misc_19, hangedman_vaults_stitches,
          nicolae_vaults_closet_pinwheel_1, nicolae_vaults_diamond_1,
          nicolae_vaults_tetromino_L_1, vaults_dpeg_hooks,
          layout_vaults_chaotic_city
Vaults:4: v_misc_30, nicolae_vaults_heart-shaped_vault, v_misc_15,
          layout_vaults_omnigrid, uniq_boris
Vaults:5
Depths:1: layout_twisted_cross, abyss_entry, serial_sigils_hangedman_snap,
          hellmouth_1, minmay_pinched_square, minmay_shop_star
Depths:2: nicolae_cairo_tiling, layout_cave_pools, enter_ziggurat_a,
          cheibrodos_ashenzari_chains, serial_shops, nicolae_shop_trees,
          abyss_entry, lightli_too_deep, pan_entry, nicolae_tricolors,
          uniq_enchantress
Depths:3: minmay_the_grid_3x3 [minmay_the_grid_tri_star,
          minmay_the_grid_outer_circle, minmay_the_grid_zigzag_pyramid,
          minmay_the_grid_pillar_ring, minmay_the_grid_spin_star,
          minmay_the_grid_small_cups, minmay_the_grid_dragon_a,
          minmay_the_grid_gridbox, minmay_the_grid_prize_shrinking_boxes],
          layout_basic, solitary_fountain, serial_co_window_serial,
          co_window_paths_a, co_window_of_opportunity_a, co_window_corner_a,
          co_window_of_opportunity_a, co_window_paths_b,
          co_window_of_opportunity_a, co_window_2corner,
          co_window_unsneaky_path_d, co_window_of_opportunity_c,
          glass_columns_c, glass_columns_c, glass_columns_c, glass_columns_c,
          grunt_pan_entry_sceptre, serial_shops, bzr_firewalk, abyss_entry,
          hell_entry, serial_bayou_shore_b, uniq_margery
Depths:4: grunt_zot_entry_pinwheel, layout_honeycomb,
          nicolae_abyss_entry_one_way_or_another, grunt_pan_entry_spiral,
          hell_entry, chequers_serial_rivers_micro_c
Zot:1:    layout_cathedral_of_symmetry, regret_index_zotdec_bone_old,
          regret_index_zotdec_banners, uniq_grunn
Zot:2:    layout_misc_corridors, regret_index_zotdec_silver_v_v_loose
Zot:3:    layout_onion_interference
Zot:4:    layout_gridlike, regret_index_zotdec_tunneler, grunt_megastairs_1
Zot:5:    layout_cellular_growth, lemuel_lake_of_fire, uniq_tiamat

Skill      XL: |  1  2  3  4  5  6  7  8  9 10 11 12 13 14 15 16 17 18 19 20 21 22 23 24 25 26 27 |
---------------+----------------------------------------------------------------------------------+-----
Conjurations   | 2 3 4 5 6 8 9 10 11 12 15 17 19 21 22 23 24 25 | 25.2
Spellcasting   | 3 4 6 7 8 9 10 12 13 15 18 20 | 20.1
Fire Magic     | 4 5 6 8 9 10 11 12 13 15 16 18 19 20 21 23 24 25 | 25.9
Fighting       | 3 5 7 9 11 | 11.4
Translocations | 2 7 8 |  8.0
Dodging        | 3 5 7 9 11 13 14 15 16 18 19 21 22 | 22.3
Stealth        | |  2.6

Action                     |  1- 3 |  4- 6 |  7- 9 | 10-12 | 13-15 | 16-18 | 19-21 | 22-24 | 25-27 || total
---------------------------+-------+-------+-------+-------+-------+-------+-------+-------+-------++-------
  Melee: Unarmed           |     7 |       |       |       |       |       |       |       |       ||     7
         Constrict         |     2 |     7 |     6 |     1 |     5 |     3 |       |       |       ||    24
         Flail             |       |     5 |       |       |       |       |       |       |       ||     5
         Tentacles         |       |     6 |     6 |     1 |     9 |     4 |       |       |     1 ||    27
         Dagger            |       |    13 |    19 |     3 |    10 |       |       |       |       ||    45
         Staff             |       |       |       |     4 |    28 |    10 |     2 |       |     1 ||    45
   Cast: Foxfire           |    70 |   130 |   305 |   130 |    44 |     8 |     7 |     2 |     2 ||   698
         Scorch            |     2 |     4 |    17 |    33 |     6 |     1 |       |       |       ||    63
         Flame Wave        |       |       |     7 |    20 |    19 |     4 |     3 |     3 |       ||    56
         Fireball          |       |       |       |   104 |   370 |   303 |   193 |    48 |    23 ||  1041
         Iskenderun's Myst |       |       |       |     4 |    25 |    20 |    16 |    21 |     1 ||    87
         Iskenderun's Batt |       |       |       |     1 |     5 |     2 |       |       |       ||     8
         Irradiate         |       |       |       |       |     8 |     4 |     2 |       |     2 ||    16
         Ignition          |       |       |       |       |       |    81 |    84 |    24 |    11 ||   200
         Starburst         |       |       |       |       |       |    12 |    19 |    15 |    15 ||    61
         Orb of Destructio |       |       |       |       |       |     7 |    42 |    17 |    21 ||    87
         Fire Storm        |       |       |       |       |       |       |    38 |   181 |   204 ||   423
         Passage of Golubr |       |       |       |       |       |       |       |     1 |       ||     1
         Blink             |       |       |       |       |       |       |       |       |     2 ||     2
  Evoke: Wand              |       |       |       |     3 |     8 |     1 |       |       |     2 ||    14
    Use: Scroll            |     1 |     8 |     1 |     2 |    10 |    10 |     3 |     1 |     4 ||    40
         Potion            |       |       |     1 |     4 |       |       |     1 |       |     4 ||    10
   Stab: Sleeping          |       |     4 |     1 |       |       |       |       |       |       ||     5
 Armour: Skin              |     6 |     5 |    41 |    26 |    49 |    46 |    46 |    31 |    26 ||   276
  Dodge: Dodged            |    10 |    22 |    70 |    29 |    97 |    76 |    79 |    25 |    42 ||   450

Table legend: (Time is in decaauts)
 A = Elapsed time spent in this place.
 B = Non-inter-level travel time spent in this place.
 C = Inter-level travel time spent in this place.
 D = Time resting spent in this place.
 E = Time spent auto-exploring this place.
 F = Levels seen in this place.
 G = Mean time per level.
                   A        B        C        D        E       F      G
               +--------+--------+--------+--------+--------+-----+--------+
         Total |  63778 |  58294 |   5484 |  14211 |  32672 |  51 | 1250.5 |
       Dungeon |  22660 |  19846 |   2814 |   5305 |  10661 |  15 | 1510.7 |
        Temple |     14 |      2 |     12 |      0 |      0 |   1 |   14.0 |
          Lair |   9528 |   8740 |    788 |   3498 |   3707 |   5 | 1905.6 |
        Shoals |   5188 |   4973 |    215 |   1582 |   2457 |   4 | 1297.0 |
     Snake Pit |   4623 |   4472 |    151 |    913 |   2910 |   4 | 1155.8 |
  Orcish Mines |   1183 |   1070 |    113 |    229 |    667 |   2 |  591.5 |
   Elven Halls |   3427 |   3153 |    274 |    273 |   2279 |   3 | 1142.3 |
        Vaults |   6986 |   6576 |    410 |    474 |   4995 |   5 | 1397.2 |
        Depths |   5591 |   5075 |    516 |    584 |   3361 |   4 | 1397.8 |
           Zot |   3734 |   3546 |    188 |   1100 |   1321 |   5 |  746.8 |
        Bazaar |    167 |    167 |      0 |      0 |     83 |   2 |   83.5 |
       Volcano |    672 |    672 |      0 |    253 |    231 |   1 |  672.0 |
               +--------+--------+--------+--------+--------+-----+--------+

Top non-repeatable levels by time:
  Lair:5: 3148 daAuts
    D:15: 2684 daAuts
     D:5: 2219 daAuts
     D:9: 2146 daAuts
     D:2: 2020 daAuts
  Lair:2: 1849 daAuts
Depths:3: 1817 daAuts
Vaults:3: 1797 daAuts
  Lair:4: 1745 daAuts
     D:7: 1699 daAuts
     D:6: 1624 daAuts
 Snake:3: 1570 daAuts
  Lair:3: 1506 daAuts
   Zot:5: 1484 daAuts
Shoals:2: 1476 daAuts
